Map: [ESL] Ancient Cistern

Players

Neeb

  • Race: Protoss Protoss

RagnaroK (SHIN) - Winner!

  • Race: Zerg Zerg

Event: IEM Katowice 2023

VOD

Have the link to the VOD?

Description

Time

  • Played on: Feb. 9, 2023, 5:43 a.m.
  • Length: 9:27

All games in this series

Show
View Real Time Build Order
Export as new Build Order

Neeb Protoss 

Build Orders: 1 Gate Expand, Oracle Opening, Zealot Archon 

Get SALT Encoding   

  12  0:00  Probe  
  13  0:12  Probe  
  14  0:18  Pylon  
  14  0:24  Probe  
  15  0:36  Probe (Chrono Boost)  
  15  0:40  Gateway  
  16  0:46  Probe (Chrono Boost)  
  16  0:49  Assimilator  
  17  0:51  Probe (Chrono Boost)  
  18  1:03  Probe  
  19  1:15  Probe  
  20  1:25  Nexus  
  20  1:35  Cybernetics Core  
  20  1:38  Probe  
  21  1:44  Assimilator  
  21  1:50  Probe  
  21  1:52  Pylon  
  22  2:02  Probe (Chrono Boost)  
  23  2:09  Warp Gate (Chrono Boost), Adept (Chrono Boost)  
  23  2:12  Probe (Chrono Boost)  
  26  2:17  Probe (Chrono Boost)  
  27  2:25  Gateway  
  27  2:29  Probe (Chrono Boost)  
  28  2:33  Adept  
  30  2:37  Probe (Chrono Boost)  
  32  2:46  Gateway, Probe (Chrono Boost)  
  32  2:47  Probe (Chrono Boost)  
  33  2:52  Probe  
  33  2:53  Probe  
  35  2:59  Stargate  
  35  3:04  Probe  
  38  3:06  Stalker  
  38  3:08  Probe  
  39  3:13  Adept  
  39  3:17  Probe  
  42  3:20  Pylon  
  42  3:21  Probe  
  43  3:29  Probe  
  43  3:33  Probe  
  45  3:37  Pylon  
  45  3:40  Oracle (Chrono Boost)  
  45  3:41  Probe  
  45  3:46  Probe  
  50  3:51  Adept x2  
  50  3:55  Probe, Adept  
  57  3:59  Probe  
  57  4:00  Pylon x2  
  59  4:13  Adept  
  59  4:15  Adept  
  62  4:18  Nexus  
  62  4:22  Probe  
  63  4:24  Assimilator  
  63  4:26  Assimilator  
  63  4:27  Oracle (Chrono Boost)  
  66  4:33  Probe  
  66  4:34  Shield Battery  
  66  4:35  Probe  
  68  4:45  Pylon  
  68  4:46  Probe  
  68  4:47  Probe  
  70  4:58  Probe  
  67  5:01  Forge  
  67  5:02  Probe  
  67  5:05  Twilight Council  
  68  5:10  Probe  
  68  5:13  Pylon  
  68  5:14  Probe, Adept  
  72  5:15  Adept  
  74  5:22  Probe, Robotics Facility  
  74  5:26  Pylon, Probe  
  76  5:32  Probe  
  76  5:34  Probe  
  78  5:38  Probe (Chrono Boost)  
  78  5:41  Pylon  
  79  5:44  Sentry  
  79  5:45  Sentry x2, Probe (Chrono Boost)  
  79  5:48  Probe (Chrono Boost)  
  85  5:50  Protoss Ground Weapons Level 1 (Chrono Boost), Probe (Chrono Boost)  
  85  5:56  Probe (Chrono Boost)  
  87  5:57  Charge, Probe (Chrono Boost)  
  87  5:58  Probe (Chrono Boost)  
  87  6:00  Assimilator  
  87  6:01  Assimilator, Probe (Chrono Boost)  
  87  6:02  Probe (Chrono Boost)  
  90  6:04  Probe  
  90  6:05  Gateway  
  90  6:07  Gateway  
  90  6:09  Gateway, Observer  
  92  6:15  Probe x2  
  94  6:19  Gateway  
  94  6:20  Gateway  
  94  6:22  Pylon  
  94  6:23  Probe  
  94  6:25  Templar Archives  
  95  6:27  Probe  
  96  6:39  Warp Prism (Chrono Boost)  
  98  6:41  Zealot x3  
  98  6:44  Pylon x2  
  104  6:58  Nexus  
  104  7:01  Pylon, High Templar  
  104  7:02  High Templar x3  
  104  7:03  Zealot x2  
  104  7:06  Archon x2  
  104  7:08  Probe x2  
  117  7:11  Pylon  
  117  7:12  Pylon, Immortal (Chrono Boost)  
  121  7:19  Zealot  
  121  7:21  Zealot  
  121  7:22  Nexus  
  125  7:27  Pylon  
  125  7:37  Probe  
  125  7:40  High Templar x2, Zealot  
  125  7:41  Zealot x5  
  125  7:43  Probe  
  143  7:45  Archon  
  143  7:46  Phoenix (Chrono Boost)  
  143  7:47  Shield Battery  
  143  7:48  Phoenix (Chrono Boost)  
  145  7:51  Photon Cannon  
  145  7:54  Probe  
  145  7:57  Probe x2  
  147  8:06  Probe  
  147  8:08  Immortal (Chrono Boost)  
  152  8:16  Shield Battery, Probe  
  152  8:18  Shield Battery  
  154  8:22  Stalker x6  
  162  8:27  Phoenix  
  162  8:32  Shield Battery  
  163  8:37  Zealot x2  
  116  8:58  Zealot  
  116  8:59  Zealot  
  102  9:02  Zealot  
  102  9:03  Zealot x5  
  95  9:19  Zealot x2  
Show
View Real Time Build Order
Export as new Build Order

RagnaroK Zerg - Winner!

Build Orders: Hatch First 

Get SALT Encoding   

  12  0:00  Drone  
  13  0:12  Overlord  
  13  0:17  Drone  
  14  0:31  Drone x2  
  16  0:44  Drone  
  16  0:48  Drone  
  18  0:57  Drone  
  18  1:02  Extractor  
  18  1:04  Hatchery  
  18  1:07  Drone  
  18  1:16  Spawning Pool  
  17  1:20  Drone  
  18  1:28  Drone  
  19  1:39  Drone  
  20  1:50  Drone  
  21  2:01  Drone  
  22  2:11  Metabolic Boost, Overlord  
  22  2:16  Queen x2  
  22  2:17  Zergling x2  
  22  2:22  Zergling x2  
  28  2:30  Drone  
  28  2:33  Drone  
  30  2:37  Hatchery  
  30  2:39  Drone  
  30  2:44  Drone  
  30  2:49  Drone  
  32  2:53  Queen  
  32  2:57  Overlord  
  34  3:00  Drone  
  36  3:05  Drone  
  36  3:11  Overlord  
  36  3:15  Queen  
  36  3:17  Drone  
  39  3:22  Drone  
  39  3:23  Drone x2  
  39  3:24  Drone x2  
  44  3:30  Drone x3  
  44  3:32  Queen  
  49  3:36  Overlord  
  49  3:40  Spore Crawler  
  48  3:42  Drone  
  48  3:43  Overlord  
  48  3:47  Spore Crawler  
  48  3:51  Queen  
  48  3:54  Drone  
  51  4:01  Drone  
  51  4:02  Drone x4  
  56  4:04  Zergling x2  
  56  4:05  Zergling x2  
  56  4:07  Spore Crawler  
  57  4:12  Zergling x4  
  57  4:16  Overlord  
  59  4:20  Zergling x2  
  59  4:22  Zergling x2  
  59  4:23  Zergling x6  
  64  4:26  Overlord  
  64  4:29  Drone  
  65  4:32  Drone  
  65  4:37  Drone  
  67  4:40  Zergling x6  
  67  4:41  Drone  
  67  4:42  Drone x2  
  67  4:44  Drone, Roach Warren  
  67  4:45  Drone  
  73  4:47  Zergling x2  
  72  4:57  Drone x5  
  77  5:00  Lair  
  77  5:03  Drone  
  77  5:05  Extractor, Drone, Queen  
  81  5:07  Drone  
  81  5:09  Overlord  
  81  5:15  Extractor x2  
  81  5:19  Overlord  
  79  5:23  Drone  
  79  5:25  Roach  
  82  5:29  Roach x4  
  84  5:36  Drone x5  
  84  5:38  Drone x4  
  90  5:43  Drone x4  
  90  5:49  Roach  
  96  5:51  Drone  
  96  5:52  Overlord  
  96  5:55  Overlord x2, Extractor  
  96  5:56  Extractor  
  95  6:01  Drone  
  95  6:03  Drone  
  97  6:07  Overlord, Spire  
  97  6:08  Overlord  
  97  6:09  Drone  
  97  6:12  Drone  
  97  6:13  Drone x3  
  97  6:14  Glial Reconstitution  
  99  6:20  Drone  
  100  6:25  Zergling x2  
  100  6:26  Zergling x8  
  100  6:31  Drone x2  
  106  6:33  Zergling x2  
  106  6:34  Evolution Chamber  
  106  6:35  Overlord  
  106  6:37  Zergling x2  
  106  6:38  Roach, Zergling x2  
  110  6:40  Hatchery  
  110  6:41  Overlord  
  110  6:46  Zergling x2  
  110  6:51  Overlord  
  110  6:59  Zerg Missile Weapons Level 1  
  110  7:01  Overlord  
  110  7:10  Overlord  
  110  7:14  Overlord  
  108  7:19  Mutalisk x7  
  108  7:20  Mutalisk x2  
  126  7:27  Overlord, Roach x5  
  126  7:28  Overlord x2  
  136  7:33  Roach x4  
  144  7:37  Roach  
  144  7:40  Roach  
  144  7:43  Roach  
  150  7:46  Roach x2  
  150  7:48  Roach x2  
  160  7:51  Roach  
  160  7:56  Roach x5  
  160  7:57  Ravager  
  171  8:04  Roach, Zergling x10  
  178  8:08  Roach  
  178  8:12  Ravager x2  
  182  8:15  Roach, Zergling x8  
  182  8:18  Roach, Zergling x2  
  191  8:24  Roach, Zergling x4  
  191  8:25  Zergling x2  
  196  8:31  Roach x2  
  198  8:34  Zergling x2  
  198  8:39  Roach, Zergling x4  
  196  8:43  Roach, Zergling x10  
  187  8:52  Roach, Zergling x16  
  176  8:56  Roach x2  
  176  8:58  Roach x2  
  176  9:01  Roach x4  
  169  9:04  Roach  
  169  9:05  Drone  
  169  9:06  Drone x2  
  159  9:12  Drone x2  
  159  9:13  Drone x2  

Tags
 
Add a new tag
Caveats
  • Supply blocks, unpowered buildings, or Contaminate may cause inaccurate times.
  • Supply counts are checked every 10 seconds.